 Dungeon Crawl Stone Soup version 0.30-a0-368-g86fb4627a9 (webtiles) character file.

Game seed: 1676686132054050059

3264 retardedninja the Fighter (level 9, -5/124 HPs)
             Began as a Minotaur Fighter on Nov 18, 2022.
             Was a Follower of Qazlal.
             Slain by a gnoll
             ... wielding a +0 halberd
              (11 damage)
             ... in a bailey.
             The game lasted 00:13:15 (8575 turns).

retardedninja the Fighter (Minotaur Fighter)        Turns: 8575, Time: 00:13:15

Health: -5/124     AC: 24    Str: 37    XL:     9   Next: 68%
Magic:  8/8        EV:  2    Int:  5    God:    Qazlal [*.....]
Gold:   401        SH:  9    Dex: 10    Spells: 8/8 levels left

rFire   + . .      SeeInvis .    a - +1 war axe (drain)
rCold   + . .      Faith    .    c - +1 buckler
rNeg    . . .      Spirit   .    (body armour currently unavailable)
rPois   +          Reflect  .    (helmet currently unavailable)
rElec   +          Harm     .    (cloak currently unavailable)
rCorr   +          Rampage  .    (gloves currently unavailable)
Will    .....      Clarity  +    (boots currently unavailable)
Stlth   +......... NoTele   +    G - amulet of regeneration
HPRegen 0.40/turn                B - +6 ring of strength
MPRegen 0.11/turn                F - +6 ring of strength

@: tree-form, resistant (expiring)
A: stationary, stasis, torment immunity, boosted hp, (horns 2), (retaliatory
headbutt), (hooves 1), clarity
a: Renounce Religion


You were in a bailey.
You worshipped Qazlal.
Qazlal was aware of your devotion.
You were a tree.
You visited 1 branch of the dungeon, and saw 7 of its levels.
You also visited: Sewer and Bailey.

You collected 401 gold pieces.

Inventory:

Hand Weapons
 a - a +1 war axe of draining (weapon)
Missiles
 A - 3 throwing nets (quivered)
Armour
 b - a +0 scale mail
 c - a +1 buckler (worn)
 t - a +0 plate armour (melded)
Jewellery
 B - a +6 ring of strength (left branch)
 F - a +6 ring of strength (right branch)
 G - an amulet of regeneration (around neck)
Wands
 h - a wand of flame (13)
 D - a wand of acid (22)
Scrolls
 d - 3 scrolls of vulnerability
 n - 2 scrolls of noise
 r - a scroll of fog {unknown}
 s - a scroll of fear {unknown}
 v - a scroll of amnesia {unknown}
 y - a scroll of torment {unknown}
 I - a scroll of immolation {unknown}
Potions
 e - 2 potions of attraction
 g - 3 potions of degeneration
 i - 2 potions of lignification
 j - 2 potions of brilliance
 k - a potion of cancellation
 o - a potion of mutation


   Skills:
 + Level 9.1 Fighting
 + Level 8.5 Axes
 + Level 9.0 Armour
 + Level 9.0 Shields


You had 8 spell levels left.
You didn't know any spells.
Your spell library contained the following spells:

 Spells                   Type           Power      Damage    Failure   Level
 Magic Dart               Conj           0%         1d3       54%         1
 Necrotise                Necr           0%         1d4       54%         1
 Call Imp                 Summ           0%         N/A       69%         2
 Sublimation of Blood     Necr           0%         N/A       69%         2
 Inner Flame              Hex/Fire       0%         N/A       89%         3
 Mephitic Cloud           Conj/Pois/Air  0%         N/A       89%         3
 Vampiric Draining        Necr           0%         2d6       89%         3
 Flame Wave               Conj/Fire      0%         2d4       100%        4
 Petrify                  Tmut/Erth      0%         N/A       100%        4
 Sticky Flame             Conj/Fire      0%         2d3       100%        4
 Summon Lightning Spire   Summ/Air       0%         N/A       100%        4
 Agony                    Necr           0%         N/A       100%        5
 Irradiate                Conj/Tmut      0%         3d11      100%        5
 Summon Forest            Summ/Tloc      0%         N/A       100%        5
 Summon Mana Viper        Hex/Summ       0%         N/A       100%        5
 Summon Cactus Giant      Summ           0%         N/A       100%        6
 Storm Form               Tmut/Air       0%         N/A       100%        7
 Maxwell's Capacitive Co  Air            0%         ∞         100%        8


Dungeon Overview and Level Annotations

Branches:
Dungeon (7/15)             Temple (0/1) D:6           Sewer (visited)
 Bailey (1/1)

Altars:
Ashenzari
Dithmenos
Fedhas
Qazlal
Ru
Trog
Uskayaw
Wu Jian
Xom
Yredelemnul

Annotations:
D:3 1 runed translucent door, Crazy Yiuf
D:5 1 runed translucent door, Darkkill's ghost, novice MiHu


Innate Abilities, Weirdness & Mutations

You are a tree.
Your roots penetrate the ground, keeping you stationary.
You cannot be teleported.
You are immune to unholy pain and torment.
Your maximum health is greatly increased.
Your equipment is partially melded.
((You have a pair of horns on your head.))
((You reflexively headbutt those who attack you in melee.))
((You have large cloven feet.))
You possess an exceptional clarity of mind.


Message History

Press: ? - help, Shift-Dir - straight line, f - gnoll sergeant
Aim: a gnoll sergeant, wielding a +0 halberd and wearing a +0 chain mail (83% to hit)
Okay, then.
Aiming: Corrosive Bolt
Press: ? - help, Shift-Dir - straight line, f - gnoll sergeant
Aim: a gnoll sergeant, wielding a +0 halberd and wearing a +0 chain mail (83% to hit)
The bolt of acid hits the gnoll sergeant!
The acid corrodes the gnoll sergeant!
The gnoll sergeant is moderately wounded.
You hear a howl!
The gnoll sergeant hits you but does no damage.
As you read the scroll of identify, it crumbles to dust.
d - 3 scrolls of vulnerability You start to feel less resistant.
The gnoll bouda barks out a call to the hunt!
The gnoll sergeant picks up the pace!
The gnoll sergeant barely misses you. You block the gnoll's attack.
As you read the scroll of identify, it crumbles to dust.
x - a scroll of brand weapon The gnoll is no longer moving quickly.
The gnoll sergeant hits you but does no damage.
The gnoll hits you but does no damage.
As you read the scroll labelled JAOGGI KICOPN, it crumbles to dust.
It is a scroll of enchant armour.
Your +0 buckler glows green for a moment.
The gnoll sergeant hits you from afar with a +0 halberd!
* * * LOW HITPOINT WARNING * * *
As you read the scroll of brand weapon, it crumbles to dust.
Your +0 war axe craves living souls!
a - a +0 war axe of draining (weapon)
Your attacks no longer feel as feeble.
You block the gnoll sergeant's attack.
As you read the scroll labelled TURYAR IDDUYN, it crumbles to dust.
It is a scroll of enchant weapon.
Your +0 war axe of draining glows red for a moment.
The wolf is engulfed in poison gas.
The wolf is poisoned.
The gnoll bouda hits you but does no damage.
You block the gnoll sergeant's attack.
The gnoll hits you from afar with a +0 halberd!
You die...

♣≈. #.... ##### #..≈
♣≈..#... ##...## #..≈
♣≈..##°###.....######..≈
♣≈.....[#.......#...'...
♣≈...[°.)§..8.[['..['...
♣≈...hg)#......[#[..'...
♣≈..##°###.....######..≈
♣≈..#g§..##...## #..≈
♣≈. #..♣°g##### #..≈ ♣≈.
#.†..°..... #..≈ ♣≈
##°..g..... #..≈ ♣≈
##.8○..... #..≈
#########


You could see 2 gnoll sergeants, a wolf (poisoned), a gnoll bouda and a gnoll.

Vanquished Creatures
  Grinder (D:4)
  Sigmund (D:3)
  A steam dragon (D:7)
  Menkaure (D:6)
  5 water moccasins
  An orc warrior (D:5)
  2 sky beasts
  An ogre (D:5)
  2 wolves (Bailey)
  2 bullfrogs (D:6)
  Blork the orc (D:6)
  2 gnoll sergeants (Bailey)
  3 scorpions
  5 killer bees (D:7)
  6 hounds
  3 gnoll boudas (Bailey)
  3 jellies
  2 iguanas
  3 orc wizards
  Robin (D:3)
  14 gnolls
  14 adders
  A white imp (D:6)
  2 ufetubi
  A worm (D:2)
  2 dart slugs
  14 orcs
  4 endoplasms
  3 giant cockroaches
  18 goblins
  13 hobgoblins
  A jackal (Sewer)
  6 kobolds
  8 quokkas
  11 ball pythons
  7 bats
  3 frilled lizards
  7 rats
175 creatures vanquished.

Vanquished Creatures (others)
  8 fungi (D:6)
  4 plants (D:6)
  A withered plant (D:1)
13 creatures vanquished.

Grand Total: 188 creatures vanquished

Notes
Turn   | Place    | Note
-------+----------+-------------------------------------------
     0 | D:1      | retardedninja the Minotaur Fighter began the quest for the
                  | Orb.
     0 | D:1      | Reached XP level 1. HP: 19/19 MP: 0/0
    22 | D:1      | Found a faded altar of an unknown god.
    53 | D:1      | Reached XP level 2. HP: 24/27 MP: 1/1
   373 | D:1      | You fall into a shaft and drop 1 floor!
   385 | D:2      | Reached XP level 3. HP: 33/33 MP: 2/2
  1028 | D:2      | Reached XP level 4. HP: 15/41 MP: 3/3
  1313 | D:2      | Found a shimmering altar of Xom.
  1377 | D:2      | Reached XP level 5. HP: 39/47 MP: 4/4
  1969 | D:3      | Found a glowing drain.
  1976 | Sewer    | Entered a sewer
  2035 | Sewer    | Noticed a water moccasin
  2063 | Sewer    | Killed a water moccasin
  2064 | Sewer    | Reached skill level 5 in Fighting
  2064 | Sewer    | Reached skill level 5 in Armour
  2064 | Sewer    | Reached skill level 5 in Shields
  2389 | D:3      | Reached XP level 6. HP: 45/56 MP: 5/5
  2795 | D:3      | Noticed Robin
  2806 | D:3      | Killed Robin
  2993 | D:3      | Noticed Sigmund
  3001 | D:3      | Killed Sigmund
  3002 | D:3      | Reached skill level 5 in Axes
  3002 | D:3      | Reached XP level 7. HP: 53/62 MP: 6/6
  3206 | D:3      | Found a runed translucent door.
  3207 | D:3      | Noticed Crazy Yiuf
  3798 | D:4      | Identified the +7 quarterstaff "Kogovie" {vorpal, Str+4
                  | Dex+4}
  3836 | D:4      | Noticed Grinder
  3843 | D:4      | Killed Grinder
  4339 | D:4      | Found a shimmering altar of Xom.
  4340 | D:4      | Found a shimmering altar of Xom.
  4340 | D:4      | Found a shimmering altar of Xom.
  4444 | D:5      | Entered Level 5 of the Dungeon
  4559 | D:5      | Reached XP level 8. HP: 36/71 MP: 7/7
  5102 | D:5      | Found a shadowy altar of Dithmenos.
  5132 | D:5      | Found a runed translucent door.
  5132 | D:5      | Noticed Darkkill's ghost (novice MiHu)
  5799 | D:5      | Found an ornate altar of the Wu Jian Council.
  5801 | D:5      | Found a sacrificial altar of Ru.
  5801 | D:5      | Found a basalt altar of Yredelemnul.
  5801 | D:5      | Found a bloodstained altar of Trog.
  5801 | D:5      | Found a stormy altar of Qazlal.
  5802 | D:5      | Found a hide-covered altar of Uskayaw.
  5995 | D:5      | Became a worshipper of Qazlal Stormbringer
  6097 | D:6      | Noticed Blork the orc
  6105 | D:6      | Killed Blork the orc
  6212 | D:6      | Noticed Menkaure
  6221 | D:6      | Killed Menkaure
  6671 | D:6      | Found a staircase to the Ecumenical Temple.
  6864 | D:6      | Found a broken altar of Ashenzari.
  6958 | D:6      | Found a blossoming altar of Fedhas.
  7150 | D:6      | Reached XP level 9. HP: 79/81 MP: 8/8
  8043 | D:7      | Found a flagged portal.
  8047 | D:7      | Reached * piety under Qazlal
  8067 | Bailey   | Entered a bailey
  8538 | Bailey   | Gained mutation: You possess an exceptional clarity of
                  | mind. [potion of mutation]
  8538 | Bailey   | Gained mutation: You have large cloven feet. [potion of
                  | mutation]
  8573 | Bailey   | HP: 5/124 [gnoll sergeant/+0 halberd (14)]
  8575 | Bailey   | Slain by a gnoll

Illustrated notes

Levels and vault maps discovered:
D:1:      dpeg_arrival_pits, layout_basic, ebering_ecumenical_altar_petrified
D:2:      layout_basic, basic_altar
D:3:      layout_basic, cheibrodos_sewer_entry_sluice, kennysheep_small_spiral,
          solitary_fountain, uniq_sigmund, uniq_crazy_yiuf_cottage, uniq_robin
D:4:      layout_loops_ring, xom_redecorated, uniq_grinder
D:5:      layout_layer_cave, grunt_temple_overflow_open,
          mainiacjoe_overflow_boulevard, gammafunk_ghost_grave,
          hangedman_decor_riveting, minivault_23, minmay_misc_feat_four_crosses,
          kennysheep_another_room
D:6:      layout_loops_ring, ashenzari_conservatory_becter, fedhas_altar_3,
          minmay_temple_entry_metal_lava, uniq_blork_the_orc, uniq_menkaure
D:7:      cheibrodos_barr_body, layout_loops_ring, enter_bailey_3
Bailey:   bailey_polearm_gnolls_kennysheep, bailey

Skill      XL: |  1  2  3  4  5  6  7  8  9 |
---------------+----------------------------+-----
Fighting       | 4 5 6 8 9 |  9.1
Axes           | 3 4 5 6 7 8 |  8.5
Armour         | 4 5 6 7 9 |  9.0
Shields        | 4 5 6 7 9 |  9.0

Action                   |  1- 3 |  4- 6 |  7- 9 || total
-------------------------+-------+-------+-------++-------
Melee: War axe           |    46 |   111 |   249 ||   406
       Headbutt          |     8 |    15 |    31 ||    54
       Kick              |       |       |     2 ||     2
Evoke: Wand              |       |       |     1 ||     1
  Use: Scroll            |     3 |     1 |    13 ||    17
       Potion            |     1 |     5 |    10 ||    16
Armor: Scale mail        |    37 |    69 |       ||   106
       Skin              |       |     7 |     6 ||    13
       Plate armour      |       |     6 |   169 ||   175
Dodge: Dodged            |    35 |    65 |   102 ||   202
Block: Buckler           |    24 |    48 |    92 ||   164

Table legend: (Time is in decaauts)
 A = Elapsed time spent in this place.
 B = Non-inter-level travel time spent in this place.
 C = Inter-level travel time spent in this place.
 D = Time resting spent in this place.
 E = Time spent auto-exploring this place.
 F = Levels seen in this place.
 G = Mean time per level.
                   A        B        C        D        E       F      G
               +--------+--------+--------+--------+--------+-----+--------+
         Total |   8688 |   8549 |    139 |   2329 |   4932 |   9 |  965.3 |
       Dungeon |   7751 |   7612 |    139 |   1695 |   4839 |   7 | 1107.3 |
         Sewer |    427 |    427 |      0 |    274 |     85 |   1 |  427.0 |
        Bailey |    509 |    509 |      0 |    360 |      8 |   1 |  509.0 |
               +--------+--------+--------+--------+--------+-----+--------+

Top non-repeatable levels by time:
     D:5: 1607 daAuts
     D:6: 1514 daAuts
     D:3: 1249 daAuts
     D:2: 1106 daAuts
     D:1: 892 daAuts
     D:4: 849 daAuts
     D:7: 531 daAuts
  Bailey: 509 daAuts
   Sewer: 427 daAuts
